 Dungeon Crawl Stone Soup version 0.30-b1-2-g02819fbbbe (webtiles) character file.

Game seed: 2398619139300234394

982 twifor the Sneak (level 8, -13/42 HPs)
             Began as a Vine Stalker Brigand on May 3, 2023.
             Mangled by a two-headed ogre
             ... wielding a +0 giant club
              (16 damage)
             ... on level 5 of the Dungeon.
             The game lasted 00:31:55 (3444 turns).

twifor the Sneak (Vine Stalker Brigand)             Turns: 3444, Time: 00:31:56

Health: -13/42     AC:  4    Str: 19    XL:     8   Next: 17%
Magic:  0/18       EV: 11    Int: 11    God:
Gold:   159        SH:  4    Dex: 19    Spells: 7/7 levels left

rFire   . . .        a - +1 dagger (speed)
rCold   . . .        h - +0 buckler
rNeg    . . .        B - +0 robe
rPois   .            (no helmet)
rElec   .            c - +1 cloak
rCorr   .            (no gloves)
SInv    .            (no boots)
Will    +....        (no amulet)
Stlth   ++++         o - +6 ring of strength
HPRegen 1.07/turn    E - ring of magical power
MPRegen 0.16/turn

%: guardian spirit
@: no status effects
A: fangs 3, regeneration 1, magic shield, antimagic bite, no potion heal 2
a: no special abilities


You were on level 5 of the Dungeon.
You visited 1 branch of the dungeon, and saw 5 of its levels.
You also visited: Sewer.

You collected 159 gold pieces.

Inventory:

Hand Weapons
 a - a +1 dagger of speed (weapon)
 b - a +2 whip of electrocution
 G - a +2 dagger of draining
Missiles
 d - 35 poisoned darts
 e - 2 curare-tipped darts (quivered)
 l - 65 stones
 D - 2 boomerangs
Armour
 c - a +1 cloak (worn)
 h - a +0 buckler (worn)
 B - a +0 robe (worn)
Jewellery
 g - a ring of flight
 k - a ring of protection from cold
 n - an amulet of faith
 o - a +6 ring of strength (left hand)
 q - a +6 ring of strength
 y - a ring of protection from fire
 E - a ring of magical power (right hand)
Scrolls
 f - 2 scrolls of fog
 p - 2 scrolls of amnesia
 r - a scroll of identify
 s - a scroll of immolation
 u - a scroll of torment
 x - a scroll of noise {unknown}
 A - a scroll of teleportation {unknown}
 C - a scroll of vulnerability {unknown}
Potions
 i - 2 potions of invisibility {unknown}
 j - 2 potions of brilliance {unknown}
 m - 2 potions of resistance {unknown}
 t - 3 potions of curing
 w - a potion of mutation {unknown}
 z - a potion of attraction {unknown}
 F - 2 potions of haste {unknown}
 H - 2 potions of might {unknown}
 I - a potion of heal wounds {unknown}
 J - a potion of magic {unknown}
 K - a potion of cancellation {unknown}


   Skills:
 + Level 4.5 Fighting
 * Level 6.2 Short Blades
 - Level 2.0 Throwing
 - Level 1.0 Dodging
 + Level 7.3 Stealth


You had 7 spell levels left.
You didn't know any spells.
Your spell library contained the following spells:

 Spells                   Type           Power      Damage    Failure   Level
 Apportation              Tloc           0%         N/A       41%         1
 Freeze                   Ice            0%         1d3       41%         1
 Necrotise                Necr           0%         1d4       41%         1
 Slow                     Hex            0%         N/A       41%         1
 Summon Small Mammal      Summ           0%         N/A       41%         1
 Confusing Touch          Hex            0%         N/A       80%         3
 Frozen Ramparts          Ice            0%         1d1       80%         3
 Hailstorm                Conj/Ice       0%         3d3       80%         3
 Vampiric Draining        Necr           0%         2d6       80%         3


Dungeon Overview and Level Annotations

Branches:
Dungeon (5/15)              Sewer (visited)
 Temple: D:4-7

Altars:
Cheibriados
Dithmenos
Fedhas
Kikubaaqudgha
Sif Muna
Yredelemnul


Innate Abilities, Weirdness & Mutations

You have razor-sharp teeth.
Your natural rate of healing is unusually fast.
When hurt, damage is shared between your health and your magic reserves.
Your bite disrupts and absorbs the magic of your enemies.
Potions cannot restore your health.


Message History

You hit the water moccasin but do no damage.
Your bite misses the water moccasin.
The water moccasin is severely wounded.
You feel sick. The water moccasin bites you.
You barely miss the water moccasin.
The water moccasin is severely wounded.
You feel sick. The water moccasin closely misses you.
You hit the water moccasin.
The water moccasin is severely wounded.
You feel sick.
You hit the water moccasin.
The water moccasin is almost dead.
You feel sick. The water moccasin bites you.
You are more poisoned.
The water moccasin poisons you!
You hit the water moccasin. You bite the water moccasin.
You kill the water moccasin!
You feel sick.
You feel very sick.
You barely miss the two-headed ogre. You bite the two-headed ogre.
You drain its power.
You feel invigorated.
The two-headed ogre is moderately wounded.
You feel sick.
You hit the two-headed ogre.
The two-headed ogre is heavily wounded.
You feel sick.
The two-headed ogre hits you with a +0 giant club!!
* * * LOW HITPOINT WARNING * * *
The two-headed ogre hits you with a +0 giant club!
* * * LOW MAGIC WARNING * * *;
* * * LOW HITPOINT WARNING * * *
Unknown command.
Your system rejects the healing.
You feel better.
Okay, then.
Unknown command.
The air fills with toxic fumes!
As you read the scroll labelled KUAT POSIEG, it crumbles to dust.
It was a scroll of poison.
The two-headed ogre closely misses you.
The two-headed ogre hits you with a +0 giant club!
* * * LOW MAGIC WARNING * * *
You die...

#~#.#####~#(..#.#
#~##~~~~.##...#.#
#~########......#.#
##÷÷.~~~~~#........ ######
##########...#.... .....#
#..#.# #.....# o. .....#
##.##.# ###..§##...
.....####§§##§#####o§§§§..o
.........§§§§§§§@Oooo§§§...
.####..####§§§§§####§§####.
.........§§§§§§§.........
.........§§§§§§#..........
.........§§§§§§............
#...#....§§§§§§###.#######.
###......§§§§§.# .#
##.....§§§§§.# #
..#........


You could see a two-headed ogre (poisoned), an orc wizard and 3 orcs.

Vanquished Creatures
  2 water moccasins
  3 ogres
  2 kobold brigands (Sewer)
  2 jellies (D:4)
  A hound (D:4)
  An orc priest (D:4)
  2 orc wizards
  6 adders
  2 river rats (D:5)
  4 worms
  2 dart slugs (D:1)
  10 orcs
  7 ball pythons
  9 bats
  15 endoplasms
  3 giant cockroaches
  5 goblins
  11 hobgoblins
  3 quokkas
  5 frilled lizards
  25 kobolds
  15 rats
135 creatures vanquished.

Vanquished Creatures (others)
  A hobgoblin (D:4)
  2 fungi (D:4)
  A plant (Sewer)
  8 toadstools (D:4)
12 creatures vanquished.

Grand Total: 147 creatures vanquished

Notes
Turn   | Place    | Note
-------+----------+-------------------------------------------
     0 | D:1      | twifor the Vine Stalker Brigand began the quest for the
                  | Orb.
     0 | D:1      | Reached XP level 1. HP: 11/11 MP: 2/2
    73 | D:1      | Reached skill level 1 in Dodging
    73 | D:1      | Reached XP level 2. HP: 15/15 MP: 3/3
   100 | D:1      | Reached skill level 5 in Stealth
   270 | D:1      | Reached XP level 3. HP: 13/18 MP: 2/4
   847 | D:2      | Gained mutation: Your natural rate of healing is unusually
                  | fast. [Vine Stalker growth]
   847 | D:2      | Reached XP level 4. HP: 23/23 MP: 5/5
  1319 | D:3      | Noticed an ogre
  1335 | D:3      | Killed an ogre
  1336 | D:3      | Reached XP level 5. HP: 28/28 MP: 6/6
  1636 | D:3      | Found a blossoming altar of Fedhas.
  1757 | D:3      | Reached XP level 6. HP: 24/32 MP: 5/7
  1868 | D:3      | Found a faded altar of an unknown god.
  2047 | D:3      | Found a snail-covered altar of Cheibriados.
  2309 | D:4      | Found a shadowy altar of Dithmenos.
  2332 | D:4      | Reached skill level 6 in Stealth
  2406 | D:4      | Reached XP level 7. HP: 36/36 MP: 8/8
  2429 | D:4      | Found a basalt altar of Yredelemnul.
  2437 | D:4      | Reached skill level 5 in Short Blades
  2459 | D:4      | Found an ancient bone altar of Kikubaaqudgha.
  2948 | D:5      | Entered Level 5 of the Dungeon
  2955 | D:5      | Found a shimmering blue altar of Sif Muna.
  3052 | D:5      | Found a glowing drain.
  3056 | Sewer    | Entered a sewer
  3354 | Sewer    | Reached skill level 7 in Stealth
  3354 | Sewer    | Gained mutation: You have razor-sharp teeth. [Vine Stalker
                  | growth]
  3354 | Sewer    | Reached XP level 8. HP: 37/42 MP: 9/9
  3415 | D:5      | Noticed a two-headed ogre
  3442 | D:5      | HP: 1/42 [two-headed ogre/+0 giant club (8)]
  3444 | D:5      | Mangled by a two-headed ogre

Illustrated notes

Levels and vault maps discovered:
D:1:      lightli_arrival_chessboard, layout_basic, minmay_misc_feat_diagonals,
          minmay_cut_off
D:2:      layout_basic
D:3:      layout_basic, lemuel_tele_altar, nicolae_overflow_hidden_temple,
          ebering_ecumenical_altar_abandoned, nrook_mini_vaults
D:4:      cheibrodos_fertilizer, layout_rooms, yredelemnul_altar_generic,
          nicolae_kikubaaqudgha_miasma_corner, nicolae_dithmenos_the_darkroom
D:5:      layout_rooms, nicolae_gozag_cash_rules_everything_around_me,
          nzn_wu_jian_council_hall, mainiacjoe_overflow_boulevard,
          minmay_temple_entry_overgrown, gup_sewer_entry_spiral, serial_rivers,
          chequers_serial_rivers_small_b, chequers_serial_rivers_small_a,
          chequers_serial_rivers_small_3, chequers_serial_rivers_large_b,
          chequers_serial_rivers_micro_c, nicolae_half_adder

Skill      XL: |  1  2  3  4  5  6  7 |
---------------+----------------------+-----
Dodging        | 1 |  1.0
Fighting       | 2 3 4 |  4.5
Throwing       | 2 |  2.0
Stealth        | 5 6 7 |  7.3
Short Blades   | 2 3 4 6 |  6.2

Action                     |  1- 3 |  4- 6 |  7- 9 || total
---------------------------+-------+-------+-------++-------
  Melee: Dagger            |    71 |   103 |   196 ||   370
         Bite              |    20 |    18 |    50 ||    88
  Throw: Dart              |       |    10 |     3 ||    13
         Stone             |       |     1 |       ||     1
    Use: Scroll            |       |     8 |     3 ||    11
         Potion            |       |       |     1 ||     1
   Stab: Sleeping          |    11 |    16 |    11 ||    38
         Distracted        |       |     1 |       ||     1
 Armour: Robe              |    12 |    17 |    27 ||    56
  Dodge: Dodged            |    35 |    25 |    54 ||   114
  Block: Buckler           |     7 |     8 |    25 ||    40
